 Dungeon Crawl Stone Soup version 0.27-a0-323-gbd089401bb (webtiles) character file.

Game seed: 15972756022546038313

90 dickylongcocking the Shooter (level 4, -8/58 HPs)
             Began as a Naga Hunter on Feb 11, 2021.
             Was an Initiate of Nemelex Xobeh.
             Mangled by an orc warrior
             ... wielding a +0 halberd
              (13 damage)
             ... on level 2 of the Dungeon.
             The game lasted 00:03:16 (2260 turns).

dickylongcocking the Shooter (Naga Hunter)          Turns: 2260, Time: 00:03:17

Health: -8/58      AC: 22    Str: 13 (14) XL:     4   Next: 56%
Magic:  4/4        EV:  1    Int: 14 (17) God:    Nemelex Xobeh [......]
Gold:   198        SH:  0    Dex: 11 (13) Spells: 3/3 levels left

rFire    . . .     SeeInvis +   k - +0 rapier
rCold    . . .     Faith    .   (no shield)
rNeg     + + +     Spirit   .   (armour currently unavailable)
rPois    +         Reflect  .   (helmet currently unavailable)
rElec    .         Harm     .   (cloak currently unavailable)
rCorr    .         Rampage  .   (gloves currently unavailable)
Will     .....     NoTele   +   (no barding)
Stlth    +.........             (no amulet)
HPRegen  0.19/turn              l - +6 ring of intelligence
MPRegen  0.09/turn              (no ring)

@: confused, tree-form
A: large, see invisible, spit poison 1, AC +1
a: Spit Poison, Renounce Religion, Draw Escape, Draw Destruction, Draw Summoning


You were on level 2 of the Dungeon.
You worshipped Nemelex Xobeh.
Nemelex Xobeh was noncommittal.
You were a tree.
You visited 1 branch of the dungeon, and saw 2 of its levels.

You collected 198 gold pieces.

Inventory:

Hand Weapons
 a - a +1 shortbow
 b - a +0 short sword
 k - a +0 rapier (weapon)
Armour
 c - a +0 leather armour
 h - a +2 leather armour of fire resistance (melded)
Jewellery
 l - a +6 ring of intelligence (left branch)
Scrolls
 g - a scroll of enchant armour
 j - 2 scrolls of identify


   Skills:
 - Level 2.0 Fighting
 * Level 1.1 Short Blades
 * Level 4.7 Bows
 - Level 0.4 Armour
 - Level 1.8 Dodging
 - Level 1.7 Stealth
 * Level 1.3 Invocations


You had 3 spell levels left.
You didn't know any spells.
Your spell library was empty.

Dungeon Overview and Level Annotations

Branches:
Dungeon (2/15)

Altars:
Nemelex Xobeh

Annotations:
D:2 1 runed translucent door, Crazy Yiuf


Innate Abilities, Weirdness & Mutations

You cannot wear boots.
((Your serpentine skin is tough. (AC +1)))
You have supernaturally acute eyesight. (SInv)
((Armour fits poorly on your strangely shaped body.))
((Your system is resistant to poisons. (rPois)))
((You cover ground very slowly.))
You can spit poison.


Message History

You start resting.
An orc wizard is nearby!
An orc wizard is nearby!
An orc wizard is nearby!
Okay, then.
You aren't carrying any items that you can evoke.
Unknown command.
Press: ? - help, Shift-Dir - straight line, f - you
Okay, then.
Press: ? - help, Shift-Dir - straight line, f - orc wizard
Aim: an orc wizard, wielding a +0 dagger and wearing a +0 robe (heavily wounded, slightly transparent)
The splash of poison misses the orc wizard.
Unknown command.
Unknown command.
Okay, then.
As you read the scroll labelled WAGENENL TILY, it crumbles to dust.
It is a scroll of identify.
g - a scroll of enchant armour The orc wizard points at you and mumbles some strange words.
You resist with some effort.
Okay, then.
You have got your breath back.
Unknown command.
Unknown command.
Okay, then.
Unknown command.
You feel less wooden.
Your +2 leather armour of fire resistance unmelds from your body.
You feel resistant to fire. The orc wizard casts a spell at you.
You are confused.
Unknown command.
Unknown command.
Really quaff the potion of lignification?
You turn into a tree.
Your +2 leather armour of fire resistance melds into your body.
You feel less resistant to fire.
Your roots penetrate the ground.
The orc warrior hits you from afar with a +0 halberd!
You die...
Your body disappears without a glow.

.........# #......# #.......
.o(......###....(.###############
)........+ '......+.......# #....
....o....# #......#######.# #.###
......$..# #............#.# #.#..
......K..# #............#.###.#[#
#...o.# #....o.......#..##.#.#
###.....###....)........#.##.#.#
.........(...†o)♣...♣♣...........
############.......♣♣♣♣♣....#.#..
###+###.♣ ♣..#.#.#..
########+###.♣ ♣..#...#..
#.....)......♣ ♣.###..#..
#............♣ ♣♣.# #..##.
#............♣♣♣♣..# #.....
#..................# ##.##.
#............##########.##.


You could see an orc warrior and an orc wizard.

Vanquished Creatures
  An orc priest (D:2)
  2 oozes
  3 worms (D:2)
  A dart slug (D:1)
  2 leopard geckos (D:1)
  2 orcs (D:2)
  3 bats
  4 goblins (D:1)
  4 hobgoblins
  4 jackals (D:1)
  A ball python (D:1)
  A frilled lizard (D:1)
  4 kobolds
  3 rats
35 creatures vanquished.

Vanquished Creatures (others)
  2 plants (D:1)
2 creatures vanquished.

Grand Total: 37 creatures vanquished

Notes
Turn   | Place    | Note
-------+----------+-------------------------------------------
     0 | D:1      | dickylongcocking the Naga Hunter began the quest for the
                  | Orb.
     0 | D:1      | Reached XP level 1. HP: 19/19 MP: 1/1
   104 | D:1      | Reached XP level 2. HP: 22/26 MP: 2/2
   261 | D:1      | Reached skill level 4 in Bows
   940 | D:1      | Reached XP level 3. HP: 32/32 MP: 3/3
  1359 | D:2      | Found a sparkling altar of Nemelex Xobeh.
  1373 | D:2      | Became a worshipper of Nemelex Xobeh the Trickster
  1948 | D:2      | Found a runed translucent door.
  1949 | D:2      | Noticed Crazy Yiuf
  2210 | D:2      | Noticed an orc warrior
  2222 | D:2      | Reached XP level 4. HP: 39/39 MP: 4/4
  2244 | D:2      | HP: 2/58 [orc priest/divine providence (13)]
  2248 | D:2      | Reached skill level 1 in Short Blades
  2248 | D:2      | Reached skill level 1 in Invocations
  2260 | D:2      | Mangled by an orc warrior

Illustrated notes

Levels and vault maps discovered:
D:1:      eino_arrival_druids_welcome, layout_basic, minmay_pentomino_x2
D:2:      layout_basic, nrook_campfire, nemelex_xobeh_ov_fountains_minmay,
          uniq_crazy_yiuf_cottage

Skill      XL: |  1  2  3  4 |
---------------+-------------+-----
Bows           | 4 |  4.7
Short Blades   | 1 |  1.1
Invocations    | 1 |  1.3
Fighting       | |  2.0
Armour         | |  0.4
Dodging        | |  1.8
Stealth        | |  1.7

Action                   |  1- 3 |  4- 6 || total
-------------------------+-------+-------++-------
Melee: Rapier            |     5 |     6 ||    11
 Fire: Shortbow          |    75 |    13 ||    88
 Abil: Spit Poison       |    17 |     5 ||    22
  Use: Scroll            |     1 |     2 ||     3
       Potion            |       |     3 ||     3
Armor: Leather armour    |     7 |       ||     7
       Skin              |       |    17 ||    17
Dodge: Dodged            |    17 |     2 ||    19

Table legend: (Time is in decaauts)
 A = Elapsed time spent in this place.
 B = Non-inter-level travel time spent in this place.
 C = Inter-level travel time spent in this place.
 D = Time resting spent in this place.
 E = Time spent auto-exploring this place.
 F = Levels seen in this place.
 G = Mean time per level.
                   A        B        C        D        E       F      G
               +--------+--------+--------+--------+--------+-----+--------+
         Total |   2730 |   2685 |     45 |    202 |   2079 |   2 | 1365.0 |
       Dungeon |   2730 |   2685 |     45 |    202 |   2079 |   2 | 1365.0 |
               +--------+--------+--------+--------+--------+-----+--------+

Top non-repeatable levels by time:
     D:1: 1652 daAuts
     D:2: 1077 daAuts
